 Dungeon Crawl Stone Soup version 0.27.0-1-g7a089689b8 (webtiles) character file.

Game seed: 1106649225440340460

485 mrzisme the Grave Robber (level 7, 0/50 HPs)
             Began as a Gnoll Necromancer on Aug 17, 2021.
             Slain by Pikel (3 damage)
             ... on level 4 of the Dungeon.
             The game lasted 00:16:37 (4191 turns).

mrzisme the Grave Robber (Gnoll Necromancer)        Turns: 4191, Time: 00:16:38

Health: 0/50       AC:  4    Str:  9    XL:     7   Next: 13%
Magic:  13/15      EV: 13    Int: 15    God:
Gold:   38         SH:  5    Dex: 12    Spells: 8/17 levels left

rFire    . . .     SeeInvis .   d - +2 dagger (venom)
rCold    . . .     Faith    .   (no shield)
rNeg     . . .     Spirit   .   a - +0 robe
rPois    .         Reflect  +   f - +2 hat
rElec    .         Harm     .   (no cloak)
rCorr    .         Rampage  .   (no gloves)
Will     .....                  (no boots)
Stlth    +++.......             e - amulet of reflection
HPRegen  0.16/turn              (no ring)
MPRegen  0.14/turn              (no ring)

@: hasted, very quick
A: fangs 1, strong nose, distributed training
a: no special abilities


You were on level 4 of the Dungeon.
You visited 1 branch of the dungeon, and saw 4 of its levels.

You collected 146 gold pieces.
You spent 108 gold pieces at shops.

Inventory:

Hand Weapons
 c - a +0 dagger
 d - a +2 dagger of venom (weapon)
 o - a +0 hunting sling
 r - a +3 flail
Missiles
 j - 89 stones
 l - 18 poisoned darts (quivered)
Armour
 a - a +0 robe (worn)
 f - a +2 hat (worn)
 t - a +1 scale mail of fire resistance
Jewellery
 e - an amulet of reflection (around neck)
 v - a ring of protection from cold
Wands
 w - a wand of acid (10)
 x - a wand of polymorph (12)
Scrolls
 b - a scroll of magic mapping
 g - a scroll of vulnerability
 i - a scroll of teleportation {unknown}
 k - a scroll of brand weapon {unknown}
 m - a scroll of fear {unknown}
 u - a scroll of noise {unknown}
Potions
 n - 3 potions of brilliance
 q - a potion of attraction
 s - a potion of curing


   Skills:
 + Level 2.3 Fighting
 + Level 2.3 Short Blades
 + Level 2.3 Long Blades
 + Level 2.3 Axes
 + Level 2.3 Maces & Flails
 + Level 2.3 Polearms
 + Level 2.3 Staves
 + Level 2.3 Slings
 + Level 2.3 Bows
 + Level 2.3 Crossbows
 + Level 2.3 Throwing
 + Level 2.3 Armour
 + Level 5.1 Dodging
 + Level 4.8 Stealth
 + Level 2.3 Shields
 + Level 2.3 Unarmed Combat
 + Level 5.5 Spellcasting
 + Level 1.8 Conjurations
 + Level 1.8 Hexes
 + Level 1.8 Summonings
 + Level 7.3 Necromancy
 + Level 1.8 Translocations
 + Level 1.8 Transmutations
 + Level 1.8 Fire Magic
 + Level 1.8 Ice Magic
 + Level 1.8 Air Magic
 + Level 1.8 Earth Magic
 + Level 1.8 Poison Magic
 + Level 2.5 Invocations
 + Level 2.3 Evocations


You had 8 spell levels left.
You knew the following spells:

 Your Spells              Type           Power      Damage    Failure   Level
a - Pain                  Necr           100%       1d9       1%          1
b - Animate Skeleton      Necr           52%        N/A       1%          1
c - Vampiric Draining     Necr           13%        2d7       2%          3
d - Animate Dead          Necr           13%        N/A       8%          4

Your spell library contained the following spells:

 Spells                   Type           Power      Damage    Failure   Level
 Slow                     Hex            9%         N/A       11%         2
 Agony                    Necr           26%        N/A       21%         5
 Confusing Touch          Hex            9%         N/A       22%         3


Dungeon Overview and Level Annotations

Branches:
Dungeon (4/15)
 Temple: D:4-7

Altars:
Makhleb
Xom

Shops:
D:4 ?!?(?

Annotations:
D:4 Pikel


Innate Abilities, Weirdness & Mutations

You have very sharp teeth.
Your uncanny sense of smell can sniff out nearby items.
Your experience applies equally to all skills.


Message History

Aiming: Pain (safe; 1% risk of failure)
Press: ? - help, Shift-Dir - straight line, f/p - ice beast
Aim: an ice beast (moderately wounded, chance to affect: 84%)
The ice beast writhes in agony.
Casting: Pain (safe; 1% risk of failure)
Confirm with . or Enter, or press ? or * to list all spells.
Aiming: Pain (safe; 1% risk of failure)
Press: ? - help, Shift-Dir - straight line, f/p - ice beast
Aim: an ice beast (heavily wounded, chance to affect: 84%)
The ice beast writhes in agony!
The ice beast hits you. The ice beast freezes you.
Casting: Pain (safe; 1% risk of failure)
Confirm with . or Enter, or press ? or * to list all spells.
Aiming: Pain (safe; 1% risk of failure)
Press: ? - help, Shift-Dir - straight line, f/p - ice beast
Aim: an ice beast (severely wounded, chance to affect: 84%)
The ice beast writhes in agony!
You kill the ice beast!
You have reached level 7!
The hound skeleton closely misses you.
You see here a +0 robe.
The hound skeleton barely misses you. The hound skeleton closely misses you.
The hound skeleton bites you but does no damage.
You block the hound skeleton's attack.
The hound skeleton bites you but does no damage.
The lemure shouts!
You hear a shout! x2
The hound skeleton bites you. The lemure hits you.
The lemure completely misses you. The lemure hits you.
Pikel closely misses you. The lemure hits you. The hound skeleton bites you.
You see here a +0 mace.
Pikel hits you with a +2 whip of electrocution.
You are electrocuted!!
* * * LOW HITPOINT WARNING * * *
Okay, then.
You feel yourself speed up.
Pikel says, "You'll make a fine lemure."
Pikel hits you with a +2 whip of electrocution.
You die...

#.#.....###...............# #..
##.#...<.......#...........# #.#
##..#.......#######.######### #.#
...##....5.## #.# #..
.###.......# #.# ##. ..#........#
#.# #. #.#.#......# #.### #.
....######.########.Z.## #####.
##..............@K.##..# ##..(..
##.#######.#######..##.####..####
#.# #.# ##55)....#.## # #.# #.##
####5.<...##### #.# #..#
###...#..)).... #.# #..##
#.5.###..#####' ##.#
#...######.### ##<# #∩
...########.5)##....# #.## ###
...[...5..#.#..#.#### #..###..


You could see Pikel, 3 lemures and a hound skeleton.

Vanquished Creatures
  Edmund (D:4)
  An ice beast (D:4)
  An ogre (D:4)
  An orc priest (D:4)
  An iguana (D:4)
  An orc wizard (D:4)
  3 gnolls (D:2)
  2 adders
  A worm (D:2)
  A dart slug (D:1)
  4 orcs
  7 bats
  5 endoplasms
  6 giant cockroaches (D:2)
  3 goblins
  8 hobgoblins
  5 jackals
  A quokka (D:1)
  4 ball pythons
  A frilled lizard (D:3)
  7 kobolds
  3 rats
67 creatures vanquished.

Vanquished Creatures (others)
  5 plants
5 creatures vanquished.

Grand Total: 72 creatures vanquished

Notes
Turn   | Place    | Note
-------+----------+-------------------------------------------
     0 | D:1      | mrzisme the Gnoll Necromancer began the quest for the Orb.
     0 | D:1      | Reached XP level 1. HP: 13/13 MP: 6/6
   188 | D:1      | Learned a level 1 spell: Animate Skeleton
   216 | D:1      | Reached XP level 2. HP: 15/19 MP: 3/7
   830 | D:2      | Reached skill level 5 in Spellcasting
   830 | D:2      | Reached XP level 3. HP: 20/25 MP: 4/9
   946 | D:2      | Learned a level 3 spell: Vampiric Draining
  1097 | D:2      | Reached skill level 1 in Invocations
  1163 | D:2      | Reached skill level 1 in Fighting
  1163 | D:2      | Reached skill level 1 in Short Blades
  1163 | D:2      | Reached skill level 1 in Long Blades
  1163 | D:2      | Reached skill level 1 in Axes
  1163 | D:2      | Reached skill level 1 in Maces & Flails
  1163 | D:2      | Reached skill level 1 in Polearms
  1163 | D:2      | Reached skill level 1 in Staves
  1163 | D:2      | Reached skill level 1 in Slings
  1163 | D:2      | Reached skill level 1 in Bows
  1163 | D:2      | Reached skill level 1 in Crossbows
  1163 | D:2      | Reached skill level 1 in Throwing
  1163 | D:2      | Reached skill level 1 in Armour
  1163 | D:2      | Reached skill level 1 in Shields
  1163 | D:2      | Reached skill level 1 in Unarmed Combat
  1163 | D:2      | Reached skill level 1 in Evocations
  1174 | D:2      | Reached XP level 4. HP: 32/32 MP: 2/11
  1380 | D:2      | Found a faded altar of an unknown god.
  1775 | D:2      | Learned a level 4 spell: Animate Dead
  1840 | D:3      | Found a shimmering altar of Xom.
  1912 | D:3      | Reached skill level 1 in Conjurations
  1912 | D:3      | Reached skill level 1 in Hexes
  1912 | D:3      | Reached skill level 1 in Summonings
  1912 | D:3      | Reached skill level 1 in Translocations
  1912 | D:3      | Reached skill level 1 in Transmutations
  1912 | D:3      | Reached skill level 1 in Fire Magic
  1912 | D:3      | Reached skill level 1 in Ice Magic
  1912 | D:3      | Reached skill level 1 in Air Magic
  1912 | D:3      | Reached skill level 1 in Earth Magic
  1912 | D:3      | Reached skill level 1 in Poison Magic
  2931 | D:4      | Found Team Far's Distillery.
  2944 | D:4      | Bought a potion of curing for 33 gold pieces
  2944 | D:4      | Bought a potion of heal wounds for 55 gold pieces
  2990 | D:4      | Noticed Edmund
  3020 | D:4      | Killed Edmund
  3021 | D:4      | Reached XP level 5. HP: 32/38 MP: 0/12
  3021 | D:4      | Reached XP level 6. HP: 37/44 MP: 0/13
  3136 | D:4      | Found Quweolae's Magic Scroll Shoppe.
  3152 | D:4      | Bought a scroll of identify for 20 gold pieces
  3216 | D:4      | Reached skill level 5 in Dodging
  3809 | D:4      | Found a burning altar of Makhleb.
  3897 | D:4      | Found Alog's Magic Scroll Shoppe.
  3947 | D:4      | Noticed Pikel
  4064 | D:4      | Found Umnoxzib's Magic Scroll Shop.
  4065 | D:4      | Found Baohiky's Antique Weapon Boutique.
  4133 | D:4      | Noticed an ice beast
  4159 | D:4      | Killed an ice beast
  4160 | D:4      | Reached XP level 7. HP: 32/50 MP: 9/15
  4186 | D:4      | HP: 2/50 [Pikel (20)]
  4191 | D:4      | Slain by Pikel

Illustrated notes

Levels and vault maps discovered:
D:1:      minmay_arrival_doors, layout_rooms, glass_columns_a
D:2:      minmay_wonky_spiral, layout_rooms,
          shapermc_ecumenical_altar_acropolis, glass_columns_b,
          minmay_worlds_worst_comb
D:3:      layout_basic, mainiacjoe_overflow_boulevard
D:4:      layout_rooms, nicolae_overflow_crystal_walls, serial_shops, shop,
          nicolae_shop_behind_doors, shop, shop, nicolae_shop_window_shopping,
          uniq_edmund, uniq_pikel

Skill      XL: |  1  2  3  4  5  6 |
---------------+-------------------+-----
Spellcasting   | 5 |  5.5
Invocations    | 1 2 |  2.5
Fighting       | 1 2 |  2.3
Short Blades   | 1 2 |  2.3
Long Blades    | 1 2 |  2.3
Axes           | 1 2 |  2.3
Maces & Flails | 1 2 |  2.3
Polearms       | 1 2 |  2.3
Staves         | 1 2 |  2.3
Slings         | 1 2 |  2.3
Bows           | 1 2 |  2.3
Crossbows      | 1 2 |  2.3
Throwing       | 1 2 |  2.3
Armour         | 1 2 |  2.3
Shields        | 1 2 |  2.3
Unarmed Combat | 1 2 |  2.3
Evocations     | 1 2 |  2.3
Conjurations   | 1 |  1.8
Hexes          | 1 |  1.8
Summonings     | 1 |  1.8
Translocations | 1 |  1.8
Transmutations | 1 |  1.8
Fire Magic     | 1 |  1.8
Ice Magic      | 1 |  1.8
Air Magic      | 1 |  1.8
Earth Magic    | 1 |  1.8
Poison Magic   | 1 |  1.8
Dodging        | 5 |  5.1
Stealth        | |  4.8
Necromancy     | |  7.3

Action                   |  1- 3 |  4- 6 |  7- 9 || total
-------------------------+-------+-------+-------++-------
Melee: Dagger            |       |     9 |       ||     9
       Flail             |       |     2 |       ||     2
       Bite              |       |     2 |       ||     2
 Cast: Pain              |    48 |    95 |       ||   143
       Vampiric Draining |     2 |     3 |       ||     5
       Animate Dead      |       |     1 |       ||     1
  Use: Potion            |       |     3 |     1 ||     4
       Scroll            |       |     5 |       ||     5
Armor: Robe              |     1 |     8 |     2 ||    11
Dodge: Dodged            |       |    24 |     5 ||    29
Block: Other             |       |    14 |     1 ||    15
       Reflection        |       |     1 |       ||     1
